 Dungeon Sprint DCSS version 0.30.1-9-gdf580d7c3d (webtiles) character file.

Game seed: 5036800949819445978

19077 Heoruswealwe the Phalangite (level 12, -3/130 HPs)
             Began as a Minotaur Fighter on Sept 26, 2023.
             Was an Initiate of Gozag.
             Slain by a deep troll shaman (17 damage)
             ... in the Dungeon (Sprint IX: "|||||||||||||||||||||||||||||").
             The game lasted 00:25:17 (2574 turns).

Heoruswealwe the Phalangite (Minotaur Fighter)      Turns: 2574, Time: 00:25:18

Health: -3/130     AC: 27    Str: 26    XL:     12   Next: 33%
Magic:  11/11      EV:  9    Int: 11    God:    Gozag
Gold:   1135       SH:  0    Dex: 10    Spells: 11/11 levels left

rFire   . . .        b - +1 halberd of Numulo {freeze, rC+ Will+ Int+6 Stlth-}
rCold   + . .        (shield currently unavailable)
rNeg    . . .        c - +2 storm dragon scales
rPois   .            (helmet restricted)
rElec   +            h - +1 cloak
rCorr   .            f - +0 pair of gloves
SInv    .            (no boots)
Will    +....        (no amulet) Stlth
                     k - +2 ring of protection
HPRegen 0.41/turn    (no ring)
MPRegen 0.12/turn

%: no teleportation
@: mighty, gold aura, hasted, very quick
A: horns 2, retaliatory headbutt
a: Renounce Religion, Potion Petition, Call Merchant, Bribe Branch


You were in the Dungeon.
You worshipped Gozag.
Gozag was most pleased with you.
You visited 1 branch You collected 8731 gold pieces.
You spent 5293 gold pieces at shops.
You paid 2303 gold pieces to Gozag.

Inventory:

Hand Weapons
 a - a +0 trident
 b - the +1 halberd of Numulo (weapon) {freeze, rC+ Will+ Int+6 Stlth-}
   (You bought it in a shop in the Dungeon)

   Int:       It affects your intelligence (+6).
   rC:        It protects you from cold.
   Will:      It increases your willpower.
   Stlth:     It makes you less stealthy.
 s - the +10 dark maul {heavy}
   (You bought it in a shop in the Dungeon)
 C - a +0 bardiche
Armour
 c - +2 storm dragon scales (worn)
 d - a +2 buckler
 f - a +0 pair of gloves (worn)
 h - a +1 cloak (worn)
Jewellery
 k - a +2 ring of protection (left hand)
 t - a ring of protection from fire
 y - a ring of protection from cold
 z - a ring of positive energy
 A - a ring of protection from fire
Wands
 n - a wand of acid (10)
 r - a wand of paralysis (4)
Scrolls
 i - a scroll of brand weapon
 j - 4 scrolls of blinking
 o - 4 scrolls of enchant armour
 p - 3 scrolls of enchant weapon
 w - a scroll of immolation {unknown}
 x - a scroll of acquirement {unknown}
 B - a scroll of identify
Potions
 e - 5 potions of mutation
 g - a potion of haste
 l - 3 potions of might
 m - a potion of invisibility
 q - 2 potions of resistance
 u - 6 potions of curing
 v - a potion of berserk rage


   Skills:
 + Level 19.3 Fighting
 * Level 25.9 Polearms
 + Level 19.3 Armour
 - Level 3.6 Shields


You had 11 spell levels left.
You didn't know any spells.
Your spell library was empty.

Dungeon Overview and Level Annotations

Branches:
Dungeon (1/1)

Altars:
Cheibriados
Dithmenos
Elyvilon
Fedhas
Gozag
Hepliaklqana
Kikubaaqudgha
Makhleb
Nemelex Xobeh
Okawaru
Qazlal
Ru
Sif Muna
Trog
Uskayaw
Vehumet
Wu Jian
Xom
Yredelemnul
Zin
The Shining One
Jiyva
Lugonu

Shops:
D *:(((*


Innate Abilities, Weirdness & Mutations

You have a pair of horns on your head.
You reflexively headbutt those who attack you in melee.


Message History

The ice dragon bites you.
The ice dragon claws you but does no damage.
The ice dragon barely misses you.
The sphinx is distracted by your dazzling golden aura.
Things that are here:
54 gold pieces; a +0 long sword; a +0 chain mail The sphinx shouts!
You hit the ice dragon but do no damage.
You headbutt the ice dragon, but do no damage.
The ice dragon bites you but does no damage.
The ice dragon claws you but does no damage.
The ice dragon closely misses you.
You slice the ice dragon!!
You headbutt the ice dragon, but do no damage.
The ice dragon is moderately wounded.
The sphinx is no longer distracted by gold.
The ice dragon bites you but does no damage.
The ice dragon claws you.
The ice dragon tramples you but does no damage.
You slice the ice dragon!! You freeze the ice dragon.
The ice dragon is almost dead.
You slash the ice dragon! You freeze the ice dragon.
The ice dragon is almost dead.
The ice dragon closely misses you. You furiously retaliate!
You headbutt the ice dragon!
You kill the ice dragon!
The deep troll shaman barely misses you.
You furiously retaliate!
You headbutt the deep troll shaman! The deep troll shaman claws you!! x2
* * * LOW HITPOINT WARNING * * *
You see here 243 gold pieces.
You feel yourself speed up. The deep troll shaman bites you.
* * * LOW HITPOINT WARNING * * *
The deep troll shaman claws you but does no damage. x2
You feel very mighty all of a sudden. The deep troll shaman bites you!
* * * LOW HITPOINT WARNING * * *
The deep troll shaman claws you!
You die...
Your body crumbles into a pile of gold.

.......'...........['..[[[...'...
▓▓▓▓▓▓▓▓▓▓▓▓▓▓▓▓▓▓▓▓▓▓▓▓▓▓▓▓▓▓▓▓▓
.................................
▓▓▓▓▓▓▓▓▓▓▓▓▓▓▓▓▓▓▓▓▓▓▓▓▓▓▓▓▓▓▓▓▓
).....'[![..∩.∩.∩.∩.∩.∩.'.∩......
▓▓▓▓▓▓▓▓▓▓▓▓▓▓▓▓▓▓▓▓▓▓▓▓▓▓▓▓▓▓▓▓▓
.............)...................
▓▓▓▓▓▓▓▓▓▓▓▓▓▓▓▓▓▓▓▓▓▓▓▓▓▓▓▓▓▓▓▓▓
....?...$$$$$$$$@TTRCQH.
▓▓▓▓▓▓▓▓▓▓▓▓▓▓▓▓▓▓▓▓▓▓▓▓


You could see a sphinx, a stone giant, a rakshasa, a tengu warrior and 2 deep
troll shamans.

Vanquished Creatures
  A dire elephant (D)
  Harold (D)
  2 hydras (D)
  An ice dragon (D)
  A two-headed ogre (D)
  A centaur warrior (D)
  An orc high priest (D)
  2 orc knights (D)
  2 deep elf pyromancers (D)
  6 orc sorcerers (D)
  A manticore (D)
  An ugly thing (D)
  8 elephants (D)
  A cane toad (D)
  2 gargoyles (D)
  Psyche (D)
  A yaktaur (D)
  A rime drake (D)
  2 komodo dragons (D)
  A tengu conjurer (D)
  A troll (D)
  A meliai (shapeshifter) (D)
  2 blink frogs (D)
  A jumping spider (shapeshifter) (D)
  2 wraiths (D)
  A wyvern (D)
  A yak (D)
  Eustachio (D)
  A basilisk (D)
  2 acid dragons (D)
  5 water moccasins (D)
  11 orc warriors (D)
  A bullfrog (D)
  A gnoll sergeant (D)
  A scorpion (D)
  A jelly (D)
  4 orc priests (D)
  2 iguanas (D)
  10 orc wizards (D)
  A dart slug (D)
  5 orcs (D)
  An endoplasm (D)
  A hobgoblin (D)
  A ball python (D)
  A kobold (D)
96 creatures vanquished.

Vanquished Creatures (others)
  A meliai (D)
  An orc wizard (D)
2 creatures vanquished.

Grand Total: 98 creatures vanquished

Notes
Turn   | Place    | Note
-------+----------+-------------------------------------------
     0 | D        | Heoruswealwe the Minotaur Fighter began the quest for the
                  | Orb.
     0 | D        | Reached XP level 1. HP: 19/19 MP: 0/0
    11 | D        | Reached skill level 3 in Polearms
    19 | D        | Reached skill level 4 in Polearms
    26 | D        | Noticed an iguana
    26 | D        | Noticed a scorpion
    26 | D        | Noticed an iguana
    26 | D        | Noticed a jelly
    34 | D        | Killed an iguana
    35 | D        | Reached skill level 5 in Fighting
    35 | D        | Reached skill level 5 in Polearms
    35 | D        | Reached skill level 5 in Armour
    35 | D        | Reached XP level 2. HP: 29/29 MP: 1/1
    35 | D        | Reached XP level 3. HP: 36/36 MP: 2/2
    39 | D        | Killed a scorpion
    40 | D        | Reached skill level 7 in Polearms
    40 | D        | Reached XP level 4. HP: 42/44 MP: 3/3
    46 | D        | Reached skill level 8 in Polearms
    49 | D        | Reached skill level 9 in Polearms
    49 | D        | Reached XP level 5. HP: 31/52 MP: 4/4
    55 | D        | Found a snail-covered altar of Cheibriados.
    55 | D        | Found a shadowy altar of Dithmenos.
    55 | D        | Found a white marble altar of Elyvilon.
    55 | D        | Found a blossoming altar of Fedhas.
    55 | D        | Found an opulent altar of Gozag.
    56 | D        | Found a hazy altar of Hepliaklqana.
    57 | D        | Found a viscous altar of Jiyva.
    58 | D        | Found an ancient bone altar of Kikubaaqudgha.
    59 | D        | Found a corrupted altar of Lugonu.
    60 | D        | Found a burning altar of Makhleb.
    61 | D        | Found a sparkling altar of Nemelex Xobeh.
    62 | D        | Found an iron altar of Okawaru.
    63 | D        | Became a worshipper of Gozag Ym Sagoz the Greedy
    64 | D        | Found a stormy altar of Qazlal.
    65 | D        | Found a sacrificial altar of Ru.
    66 | D        | Found a shimmering blue altar of Sif Muna.
    67 | D        | Found a bloodstained altar of Trog.
    68 | D        | Found a hide-covered altar of Uskayaw.
    69 | D        | Found a radiant altar of Vehumet.
    70 | D        | Found an ornate altar of the Wu Jian Council.
    71 | D        | Found a shimmering altar of Xom.
    72 | D        | Found a basalt altar of Yredelemnul.
    73 | D        | Found a glowing silver altar of Zin.
    74 | D        | Found a glowing golden altar of the Shining One.
   126 | D        | Noticed a two-headed ogre
   126 | D        | Noticed a troll
   126 | D        | Noticed an acid dragon
   126 | D        | Noticed a wraith
   126 | D        | Noticed a gargoyle
   137 | D        | Killed a two-headed ogre
   138 | D        | Reached skill level 10 in Fighting
   138 | D        | Reached skill level 13 in Polearms
   138 | D        | Reached skill level 10 in Armour
   138 | D        | Reached XP level 6. HP: 38/67 MP: 5/5
   138 | D        | Reached XP level 7. HP: 41/73 MP: 6/6
   144 | D        | Killed a troll
   144 | D        | HP: 1/73 [acid dragon/splash of acid (22)]
   145 | D        | Reached skill level 14 in Polearms
   150 | D        | Reached XP level 8. HP: 22/82 MP: 7/7
   159 | D        | Reached skill level 15 in Polearms
   175 | D        | Killed a gargoyle
   176 | D        | Reached skill level 16 in Polearms
   373 | D        | Noticed a gargoyle
   373 | D        | Noticed a meliai
   373 | D        | Noticed a cyan ugly thing
   373 | D        | Noticed a deep elf pyromancer
   378 | D        | Killed a gargoyle
   383 | D        | Killed a deep elf pyromancer
   383 | D        | Killed a meliai
   384 | D        | Reached skill level 17 in Polearms
   384 | D        | Reached XP level 9. HP: 55/93 MP: 8/8
   387 | D        | Killed a cyan ugly thing
   388 | D        | Reached skill level 18 in Polearms
   631 | D        | Noticed a komodo dragon
   634 | D        | Noticed a four-headed hydra
   637 | D        | Killed a komodo dragon
   656 | D        | Killed an 11-headed hydra
   657 | D        | Reached skill level 19 in Polearms
   657 | D        | Reached XP level 10. HP: 66/104 MP: 9/9
   681 | D        | Reached skill level 15 in Fighting
   681 | D        | Reached skill level 20 in Polearms
   681 | D        | Reached skill level 15 in Armour
   857 | D        | Noticed an elephant
   857 | D        | Noticed a cane toad
   858 | D        | Noticed a six-headed hydra
   869 | D        | Killed an elephant
   887 | D        | Killed a ten-headed hydra
   887 | D        | HP: 3/105 [rime drake/icy flash freeze (6)]
   888 | D        | Reached skill level 21 in Polearms
  1217 | D        | Killed a cane toad
  1417 | D        | Noticed an elephant
  1417 | D        | Noticed an elephant
  1417 | D        | Noticed an elephant
  1417 | D        | Noticed an elephant
  1417 | D        | Noticed a dire elephant
  1417 | D        | Noticed an elephant
  1424 | D        | Killed an elephant
  1429 | D        | Killed an elephant
  1436 | D        | Killed a dire elephant
  1437 | D        | Reached skill level 22 in Polearms
  1437 | D        | Reached XP level 11. HP: 86/115 MP: 10/10
  1676 | D        | Reached skill level 23 in Polearms
  1695 | D        | Noticed an orc knight
  1713 | D        | Killed an orc knight
  1850 | D        | Noticed an orc high priest
  1850 | D        | Noticed an orc sorcerer
  1852 | D        | Killed an orc high priest
  1860 | D        | Killed an orc sorcerer
  1984 | D        | Found Ojol Obe's General Store.
  1984 | D        | Noticed an orc sorcerer
  1984 | D        | Noticed an orc sorcerer
  1986 | D        | Killed an orc sorcerer
  1987 | D        | Reached skill level 24 in Polearms
  1992 | D        | Killed an orc sorcerer
  1993 | D        | Found Molos's Book Shoppe.
  2001 | D        | Found Hoesewiq's Distillery.
  2006 | D        | Found Noifekod's Antique Weapon Shoppe.
  2006 | D        | Noticed an orc sorcerer
  2007 | D        | Noticed an orc sorcerer
  2008 | D        | Noticed an orc sorcerer
  2020 | D        | Killed an orc sorcerer
  2024 | D        | Killed an orc sorcerer
  2026 | D        | Noticed a sixfirhy
  2030 | D        | Killed an orc sorcerer
  2123 | D        | Bought a wand of paralysis (4) for 124 gold pieces
  2123 | D        | Bought a scroll of fog for 52 gold pieces
  2123 | D        | Bought a potion of attraction for 39 gold pieces
  2131 | D        | Bought a potion of curing for 36 gold pieces
  2131 | D        | Bought a potion of curing for 36 gold pieces
  2131 | D        | Bought 2 potions of mutation for 192 gold pieces
  2131 | D        | Bought a potion of haste for 120 gold pieces
  2131 | D        | Bought a potion of berserk rage for 60 gold pieces
  2131 | D        | Bought a potion of curing for 36 gold pieces
  2131 | D        | Bought a potion of resistance for 120 gold pieces
  2131 | D        | Bought a potion of curing for 36 gold pieces
  2131 | D        | Bought a potion of curing for 36 gold pieces
  2158 | D        | Bought a slimy halberd for 324 gold pieces
  2158 | D        | Identified the +1 halberd of Numulo {freeze, rC+ Will+
                  | Int+6 Stlth-} (You bought it in a shop in the Dungeon)
  2186 | D        | Bought the +10 dark maul {heavy} for 1030 gold pieces
  2186 | D        | Found the +10 dark maul {heavy}
  2192 | D        | Bought a scroll of enchant weapon for 247 gold pieces
  2192 | D        | Bought glowing shadow dragon scales for 2739 gold pieces
  2192 | D        | Bought a scroll labelled NULOTA AHEUCANT for 33 gold pieces
  2192 | D        | Bought a scroll labelled HITENY LAKLI for 33 gold pieces
  2258 | D        | Noticed Psyche
  2265 | D        | Killed Psyche
  2285 | D        | Noticed Harold
  2286 | D        | Noticed Eustachio
  2300 | D        | Killed Harold
  2301 | D        | Reached skill level 25 in Polearms
  2301 | D        | Reached XP level 12. HP: 81/128 MP: 11/11
  2314 | D        | Killed Eustachio
  2532 | D        | Noticed a centaur warrior
  2536 | D        | Noticed an ice dragon
  2543 | D        | Killed a centaur warrior
  2549 | D        | Noticed a deep troll shaman
  2550 | D        | Noticed a deep troll shaman
  2556 | D        | Noticed a rakshasa
  2562 | D        | Noticed a tengu warrior
  2564 | D        | Noticed a stone giant
  2567 | D        | Noticed a sphinx
  2571 | D        | Killed an ice dragon
  2574 | D        | Slain by a deep troll shaman

Illustrated notes

Levels and vault maps discovered:
D:        linesprint [early_d, line_temple, items_1, d_10, items_2, lair_1,
          lair_end, items_3, orc_1, orc_end, items_4, d_15, swamp_1, shoals_1,
          snake_1, spider_1, d_20, vaults_1, items_5, swamp_end, shoals_end,
          snake_end, spider_end, vaults_end, d_27, items_6, zot_1, zot_end,
          crypt_end, forest_end, elf_end, slime_end, tomb_end, abyss_end,
          pan_hell_end]

Skill      XL: |  1  2  3  4  5  6  7  8  9 10 11 12 |
---------------+-------------------------------------+-----
Polearms       | 5 7 9 13 14 17 19 22 25 | 25.9
Fighting       | 5 6 7 10 11 13 14 16 18 19 | 19.3
Armour         | 5 6 7 10 11 13 14 16 18 19 | 19.3
Shields        | |  3.6

Action                     |  1- 3 |  4- 6 |  7- 9 | 10-12 || total
---------------------------+-------+-------+-------+-------++-------
  Melee: Trident           |    25 |     9 |       |       ||    34
         Headbutt          |     2 |     3 |     9 |    63 ||    77
         Halberd           |       |     9 |    73 |   274 ||   356
 Invoke: Call Merchant     |       |       |       |     3 ||     3
    Use: Potion            |     1 |     2 |     6 |     4 ||    13
         Scroll            |       |       |       |     3 ||     3
   Stab: Distracted        |       |       |     1 |     1 ||     2
 Armour: Scale mail        |     9 |       |       |       ||     9
         Plate armour      |       |     3 |    50 |   132 ||   185
         Shadow dragon sca |       |       |       |    10 ||    10
         Storm dragon scal |       |       |       |    26 ||    26
  Dodge: Dodged            |     7 |     3 |    24 |    55 ||    89
  Block: Buckler           |     6 |     3 |       |       ||     9
